 Dungeon Crawl Stone Soup version 0.23-a0-182-g58cdd98 (console) character file.

59 Voker57 the Skirmisher (level 3, -2/29 HPs)
             Began as a Demonspawn Abyssal Knight on Sept 20, 2018.
             Was a Follower of Lugonu.
             Slain by a bullfrog (7 damage)
             ... on level 2 of the Dungeon.
             The game lasted 00:01:49 (1665 turns).

Voker57 the Skirmisher (Demonspawn Abyssal Knight)  Turns: 1665, Time: 00:01:50

Health: -2/29      AC:  3    Str: 12    XL:     3   Next: 78%
Magic:  4/4        EV: 11    Int: 13    God:    Lugonu [*.....]
Gold:   135        SH:  0    Dex: 13    Spells: 2/2 levels left

rFire    . . .     SeeInvis .   a - +1 falchion
rCold    . . .     Gourm    .   (no shield)
rNeg     . . .     Faith    .   b - +0 leather armour
rPois    .         Spirit   .   (no helmet)
rElec    .         Reflect  .   (no cloak)
rCorr    .         Harm     .   (no gloves)
MR       .....                  (no boots)
Stlth    +.........             (no amulet)
HPRegen  0.09/turn              (no ring)
MPRegen  0.09/turn              (no ring)

@: hasted, very quick
A: claws 1
a: Depart the Abyss, Renounce Religion


You were on level 2 of the Dungeon.
You worshipped Lugonu.
Lugonu was aware of your devotion.
You were hungry.

You visited 1 branch of the dungeon, and saw 2 of its levels.
You visited the Abyss 1 time.

You collected 135 gold pieces.

Inventory:

Hand Weapons
 a - a +1 falchion (weapon)
Armour
 b - a +0 leather armour (worn)
Wands
 p - a wand of digging (2)
Scrolls
 d - a scroll of amnesia {unknown}
 e - a scroll of fog {unknown}
 g - 3 scrolls of teleportation {unknown}
 h - a scroll of immolation {unknown}
 i - a scroll of random uselessness {unknown}
 j - a scroll of enchant armour {unknown}
 o - a scroll of magic mapping {unknown}
Potions
 k - a potion of might {unknown}
 l - 2 potions of lignification {unknown}
 m - a potion of resistance {unknown}
 n - a potion of degeneration {unknown}
 q - a potion of agility {unknown}
Comestibles
 c - 5 rations


   Skills:
 + Level 3.3 Fighting
 * Level 2.7 Long Blades
 + Level 2.3 Armour
 + Level 1.5 Dodging
 - Level 2.4 Invocations


You had 2 spell levels left.
You didn't know any spells.
Your spell library was empty.

Dungeon Overview and Level Annotations

Branches:
Dungeon (2/15)

Altars:
Uskayaw


Innate Abilities, Weirdness & Mutations

You have sharp fingernails.


Message History

The bullfrog releases a deep croak.
The bullfrog closely misses you.
You riposte.
You closely miss the bullfrog.
The bullfrog is moderately wounded.
It was a potion of haste.
You feel yourself speed up.
The bullfrog closely You riposte.
You hit the bullfrog.
The bullfrog is heavily wounded.
You feel better.
You are feeling hungry.
The bullfrog hits you.
You hit the bullfrog.
The bullfrog is heavily wounded.
The bullfrog hits you.
* * * LOW HITPOINT WARNING * * *
You hit the bullfrog.
The bullfrog is severely wounded.
The bullfrog hits you but does no damage. x2
You closely miss the bullfrog.
The bullfrog is severely wounded.
The bullfrog hits you!
You die...

#####
#########..=#
........#...#####
........F@.......
##.###......####.
##......#
#.....##...
#.....# ....
#.....# ....
#.........##....#
...
.#.........##....#
...
.#.........##....#
##.........###'###
#


You could see a bullfrog.

Vanquished Creatures
  2 adders (D:2)
  A worm (D:2)
  3 dart slugs
  3 bats
  2 giant cockroaches (D:2)
  3 goblins
  4 hobgoblins
  A quokka (D:2)
  4 frilled lizards
  7 kobolds
  4 rats (D:1)
34 creatures vanquished.

Notes
Turn   | Place    | Note
-------+----------+-------------------------------------------
     0 | Abyss:1  | Voker57 the Demonspawn Abyssal Knight began the quest for
                  | the Orb.
     0 | Abyss:1  | Reached XP level 1. HP: 18/18 MP: 2/2
    60 | D:1      | Escaped the Abyss
    75 | D:1      | Reached skill level 1 in Dodging
   183 | D:1      | Gained mutation: You have sharp fingernails. [demonic
                  | ancestry]
   183 | D:1      | Reached XP level 2. HP: 12/24 MP: 3/3
   933 | D:2      | Noticed a hand axe
   940 | D:2      | Reached XP level 3. HP: 16/29 MP: 4/4
  1126 | D:2      | Noticed a hand axe
  1127 | D:2      | Found a hide-covered altar of Uskayaw.
  1210 | D:2      | Reached ** piety under Lugonu
  1652 | D:2      | Noticed a bullfrog
  1665 | D:2      | Slain by a bullfrog

Vault maps used:
D:1:      onia_arrival_mini_maze
D:2:      dancing_weapons_uskayaw, gammafunk_temple_overflow_pools,
          first_ration, uniq_sigmund

Skill      XL: |  1  2 |
---------------+-------+-----
Dodging        | 1 |  1.5
Long Blades    | 2 |  2.7
Armour         | 2 |  2.3
Fighting       | |  3.3
Invocations    | |  2.4

Action                   || total
-------------------------++-------
Melee: Falchion          ||   102
  Use: Potion            ||     3
  Eat: Chunk             ||     2
Armor: Leather armour    ||    34
Dodge: Dodged            ||    63
       Rpst.: Falchion   ||    19

Table legend:
 A = Non-vault XP
 B = Vault XP
 C = Vault XP percentage of total XP
 D = Non-vault monster count
 E = Vault monster count
 F = Vault count percentage of total count
                 A         B        C        D         E       F
            +---------+---------+-------+---------+---------+-------
      Total |      85 |       0 |   0.0 |      34 |       0 |   0.0
            +---------+---------+-------+---------+---------+-------
        D:1 |      33 |       0 |   0.0 |      20 |       0 |   0.0
        D:2 |      52 |       0 |   0.0 |      14 |       0 |   0.0
            +---------+---------+-------+---------+---------+-------
